 Dungeon Crawl Stone Soup version bcrawl-1.19.2-6-g6a88ae04c9 (webtiles) character file.

Game seed: 9621332035076957647

898 Mrkan the Cudgeler (level 7, -3/64 HPs)
             Began as a Minotaur Fighter on Dec 30, 2019.
             Was a Believer of Ru.
             Slain by a troll (9 damage)
             ... on level 5 of the Dungeon.
             The game lasted 00:06:17 (5100 turns).

Mrkan the Cudgeler (Minotaur Fighter)               Turns: 5100, Time: 00:06:17

Health: -3/64      AC:  7    Str: 21    XL:     7   Next: 79%
Magic:  6/6        EV:  8    Int:  5    God:    Ru [**....]
Gold:   237        SH: 10    Dex: 11    Spells: 6/6 levels left

rFire    . . .     SeeInvis .   a - +0 flail
rCold    . . .     Gourm    .   c - +0 shield
rNeg     . . .     Faith    .   b - +0 scale mail
rPois    .         Spirit   .   (helmet restricted)
rElec    .         Reflect  .   (no cloak)
rCorr    .         Harm     .   (no gloves)
MR       .....                  (no boots)
Stlth    ..........             (no amulet)
HPRegen  0.20/turn              (no ring)
MPRegen  0.10/turn              (no ring)

@: no status effects
A: retaliatory headbutt, horns 2, inexperienced 1
a: Renounce Religion


You were on level 5 of the Dungeon.
You worshipped Ru.
Ru was pleased with you.
You were not hungry.

You visited 1 branch of the dungeon, and saw 5 of its levels.
You also visited: Ossuary.

You collected 237 gold pieces.

Inventory:

Hand Weapons
 a - a +0 flail (weapon)
Armour
 b - a +0 scale mail (worn)
 c - a +0 shield (worn)
Jewellery
 o - an uncursed ring of magical power {unknown}
 s - an uncursed ring of see invisible {unknown}
Scrolls
 g - 3 scrolls of fear {unknown}
 h - a scroll of enchant armour {unknown}
 m - 3 scrolls of magic mapping {unknown}
 n - 10 scrolls of identify {unknown}
 q - 5 scrolls of teleportation {unknown}
 t - 2 scrolls of fog {unknown}
 u - a scroll of noise {unknown}
 v - 2 scrolls of remove curse {unknown}
 w - a scroll of brand weapon {unknown}
 y - 2 scrolls of amnesia {unknown}
 A - a scroll of acquirement {unknown}
Potions
 d - 2 potions of might
 e - a potion of ambrosia {unknown}
 i - 2 potions of mutation {unknown}
 j - a potion of lignification {unknown}
 k - 3 potions of berserk rage {unknown}
 l - 2 potions of flight {unknown}
 p - 2 potions of brilliance {unknown}
 r - 2 potions of agility {unknown}
 x - a potion of curing {unknown}
 z - a potion of heal wounds
Comestibles
 f - 11 rations {!d}


   Skills:
 + Level 6.4 Fighting
 * Level 7.9 Maces & Flails
 + Level 6.4 Armour
 + Level 6.3 Shields


You had 6 spell levels left.
You didn't know any spells.
Your spell library contained the following spells:

 Spells                   Type           Power        Failure   Level  Hunger
 Animate Skeleton         Necr           N/A          99%         1    ##.....
 Pain                     Necr           #.....       99%         1    ##.....
 Regeneration             Chrm/Necr      #.........   100%        3    ####...
 Vampiric Draining        Necr           #.........   100%        3    ####...
 Animate Dead             Necr           N/A          100%        4    #####..
 Bolt of Draining         Conj/Necr      #.........   100%        5    ######.


Dungeon Overview and Level Annotations

Branches:
Dungeon (5/12)             Temple (0/1) D:4

Altars:
Kikubaaqudgha
Ru
The Shining One

Shops:
D:4 %   D:5 =


Innate Abilities, Weirdness & Mutations

You reflexively headbutt those who attack you in melee.
You have a pair of horns on your head.
You are somewhat inexperienced. (-2 XL)


Message History

You block the troll's attack. x2; The troll claws you!
You hit the troll. Your headbutt misses the troll.
The troll is moderately wounded.
The troll bites you!
You focus your will and blind the troll in retribution!
You block the troll's attack. The troll claws you!
* * * LOW HITPOINT WARNING * * *
You closely miss the troll. You headbutt the troll.
The troll is moderately wounded.
The troll bites you but does no damage. You block the troll's attack. x2
You catch the helpless troll completely off-guard!
You sock the troll! Your headbutt misses the troll.
The troll is heavily wounded.
You block the troll's attack. The troll closely misses you.
The troll claws you!
* * * LOW HITPOINT WARNING * * *
You closely miss the troll. Your headbutt misses the troll.
The troll is heavily wounded.
You block the troll's attack. The troll barely misses you. The troll claws you!
You die...

##.#...#.......##
#.#####.#.......#
.## ##.....##.#
#.## #.##..###.##
...# .# #..# #..#
###.#
...#####.#####
#.#
###.#.........#
.# #.###T....# .
#..@....# #
#..)....#
#......_....[.#
#.#.......#.#.#
#.......#.#.#
#.....### #
#...... #####.#
#.#


You could see a troll (blind).

Vanquished Creatures
  Menkaure (Ossuary)
  3 phantoms (D:5)
  An ogre (D:5)
  A howler monkey (D:4)
  2 crimson imps (D:4)
  3 centaur zombies (Ossuary)
  A quasit (D:4)
  A human zombie (Ossuary)
  2 orc priests (D:3)
  An iguana (D:4)
  A worker ant (D:3)
  2 ogre zombies (Ossuary)
  6 mummies (Ossuary)
  A howler monkey zombie (D:5)
  8 adders
  3 gnolls (D:4)
  4 oozes
  6 adder zombies (Ossuary)
  2 worms
  A dart slug (D:1)
  A leopard gecko (D:1)
  14 orcs
  3 ball pythons
  5 bats (D:1)
  6 giant cockroaches
  A gnoll zombie (Ossuary)
  8 goblins
  8 hobgoblins
  5 quokkas
  5 frilled lizards
  7 goblin zombies
  A hobgoblin zombie (Ossuary)
  5 kobolds
  2 kobold zombies (Ossuary)
  A leopard gecko skeleton (D:4)
  An orc zombie (Ossuary)
  4 quokka zombies (Ossuary)
  3 rats (D:1)
  4 rat zombies
134 creatures vanquished.

Notes
Turn   | Place    | Note
-------+----------+-------------------------------------------
     0 | D:1      | Mrkan the Minotaur Fighter began the quest for the Orb.
     0 | D:1      | Reached XP level 1. HP: 19/19 MP: 0/0
   271 | D:1      | Reached XP level 2. HP: 27/27 MP: 1/1
   369 | D:1      | Reached skill level 3 in Maces & Flails
   688 | D:1      | Reached XP level 3. HP: 31/33 MP: 2/2
  1302 | D:2      | Reached XP level 4. HP: 40/40 MP: 3/3
  1414 | D:2      | Reached skill level 4 in Maces & Flails
  1526 | D:2      | Found a glowing golden altar of the Shining One.
  1951 | D:3      | Found a sacrificial altar of Ru.
  1964 | D:3      | Reached XP level 5. HP: 42/47 MP: 4/4
  1993 | D:3      | Became a worshipper of Ru the Awakened
  2365 | D:3      | Reached skill level 5 in Maces & Flails
  2734 | D:4      | Reached XP level 6. HP: 41/55 MP: 5/5
  2771 | D:4      | Reached skill level 5 in Armour
  2798 | D:4      | Reached skill level 5 in Fighting
  2798 | D:4      | Reached skill level 5 in Shields
  2936 | D:4      | Found a staircase to the Ecumenical Temple.
  2979 | D:4      | Found Lumi's Food Boutique.
  3339 | D:4      | Gained mutation: You are somewhat inexperienced. (-2 XL)
                  | [Ru sacrifice]
  3339 | D:4      | Reached XP level 5. HP: 48/48 MP: 4/4
  3339 | D:4      | Reached XP level 4. HP: 42/42 MP: 3/3
  3339 | D:4      | Reached * piety under Ru
  3339 | D:4      | Reached ** piety under Ru
  3890 | D:5      | Entered Level 5 of the Dungeon
  3923 | D:5      | Found Jocwor's Jewellery Shoppe.
  3966 | D:5      | Reached XP level 5. HP: 48/48 MP: 4/4
  3974 | D:5      | Reached skill level 6 in Maces & Flails
  4021 | D:5      | Noticed a phantom
  4022 | D:5      | Noticed a phantom
  4055 | D:5      | Killed a phantom
  4067 | D:5      | Killed a phantom
  4067 | D:5      | Reached XP level 6. HP: 33/56 MP: 5/5
  4235 | D:5      | Found a sand-covered staircase.
  4248 | Ossuary  | Entered an ossuary
  4429 | Ossuary  | Reached skill level 7 in Maces & Flails
  4461 | Ossuary  | Reached XP level 7. HP: 60/62 MP: 6/6
  4480 | Ossuary  | Noticed Menkaure
  4507 | Ossuary  | Killed Menkaure
  5084 | D:5      | Found an ancient bone altar of Kikubaaqudgha.
  5093 | D:5      | Noticed a troll
  5100 | D:5      | Slain by a troll

Skill      XL: |  1  2  3  4  5  6  7 |
---------------+----------------------+-----
Maces & Flails | 3 4 6 7 |  7.9
Shields        | 4 5 6 |  6.3
Fighting       | 4 5 6 |  6.4
Armour         | 4 5 6 |  6.4

Action                   |  1- 3 |  4- 6 |  7- 9 || total
-------------------------+-------+-------+-------++-------
Melee: Flail             |    95 |   277 |    76 ||   448
       Headbutt          |     9 |    45 |    19 ||    73
Invok: Sacrifice Experie |       |     1 |       ||     1
  Use: Potion            |       |     2 |     1 ||     3
 Stab: Invisible         |       |     1 |     1 ||     2
  Eat: Chunk             |     1 |    10 |       ||    11
       Ration            |       |       |     1 ||     1
Armor: Scale mail        |    52 |    79 |    14 ||   145
Dodge: Dodged            |    39 |    56 |    16 ||   111
Block: Shield            |    60 |   108 |    27 ||   195
